 Dungeon Crawl Stone Soup version 0.23-a0-33-g1e3a2e4 (webtiles) character file.

464 GroovyGamera the Ruffian (level 6, -20/62 HPs)
             Began as a Troll Monk on Aug 4, 2018.
             Was a Believer of Qazlal.
             Demolished by an ogre
             ... wielding a +0 giant club
              (23 damage)
             ... on level 6 of the Dungeon.
             The game lasted 00:14:09 (3861 turns).

GroovyGamera the Ruffian (Troll Monk)               Turns: 3861, Time: 00:14:09

Health: -20/62     AC:  5    Str: 20    XL:     6   Next: 80%
Magic:  6/6        EV:  9    Int:  6    God:    Qazlal [**....]
Gold:   192        SH: 11    Dex: 14    Spells: 5/5 levels left

rFire    . . .     SeeInvis .     - Unarmed
rCold    . . .     Gourm    +   u - +0 shield
rNeg     + . .     Faith    .   a - +0 robe
rPois    .         Spirit   .   (helmet restricted)
rElec    .         Reflect  .   (no cloak)
rCorr    .         Harm     .   (gloves unavailable)
MR       .....                  (boots unavailable)
Stlth    +.........             (no amulet)
HPRegen  0.60/turn              i - ring of positive energy
MPRegen  0.10/turn              (no ring)

@: no status effects
A: large, unfitting armour, claws 3, fast metabolism 3, gourmand, regeneration
1, shaggy fur 1, tough skin 2
a: Upheaval, Renounce Religion


You were on level 6 of the Dungeon.
You worshipped Qazlal.
Qazlal was pleased with you.
You were completely stuffed.

You visited 2 branches of the dungeon, and saw 7 of its levels.

You collected 297 gold pieces.
You spent 105 gold pieces at shops.

Inventory:

Missiles
 l - 30 bolts
Armour
 a - a +0 robe (worn)
 u - a +0 shield (worn)
Jewellery
 i - a ring of positive energy (left claw)
Wands
 p - a wand of flame (31)
 x - a wand of random effects (18)
Scrolls
 c - a scroll of amnesia {unknown}
 f - a scroll of blinking {unknown}
 h - a scroll of immolation {unknown}
 k - a scroll of teleportation
 n - 2 scrolls of remove curse
 o - a scroll of enchant weapon
 w - a scroll of enchant armour
 y - a scroll of fear {unknown}
Potions
 d - a potion of resistance {unknown}
 e - a potion of magic {unknown}
 g - 5 potions of curing {unknown}
 j - 2 potions of lignification {unknown}
 m - a potion of berserk rage {unknown}
 q - a potion of degeneration {unknown}
 r - a potion of mutation {unknown}
 s - 2 potions of might {unknown}
 t - a potion of flight {unknown}
 z - a potion of haste {unknown}
 A - a potion of brilliance {unknown}
Comestibles
 b - 9 rations
 v - a chunk of flesh


   Skills:
 + Level 3.9 Fighting
 + Level 3.8 Dodging
 - Level 1.0 Stealth
 + Level 1.4 Shields
 + Level 4.7 Unarmed Combat
 + Level 1.6 Invocations


You had 5 spell levels left.
You didn't know any spells.
Your spell library contained the following spells:

 Spells                   Type           Power        Failure   Level  Hunger
 Spider Form              Tmut/Pois      #.........   100%        3    ####...
 Blade Hands              Tmut           #.........   100%        5    ######.
 Ice Form                 Ice/Tmut       #.......     100%        4    #####..
 Sticks to Snakes         Tmut           #.......     98%         2    ###....
 Beastly Appendage        Tmut           #.....       94%         1    ##.....


Dungeon Overview and Level Annotations

Branches:
Dungeon (6/15)             Temple (1/1) D:4

Altars:
Ashenzari
Dithmenos
Elyvilon
Gozag
Kikubaaqudgha
Nemelex Xobeh
Qazlal
Ru
Sif Muna
Trog
Uskayaw
Wu Jian
Yredelemnul
Zin

Shops:
D:4 ?


Innate Abilities, Weirdness & Mutations

You are too large for most types of armour.
You have claws for hands.
Your metabolism is lightning-fast.
You like to eat raw meat.
Your natural rate of healing is unusually fast.
You are covered in fur. (AC +1)
You have very tough skin. (AC +2)


Message History

The ogre is heavily wounded.
The ogre hits you with a giant club!!
Ouch! That really hurt!
* * * LOW HITPOINT WARNING * * *
You are too injured to fight recklessly!
You are too injured to fight recklessly!
An adder comes into view.
The adder hisses angrily.
The adder moves out of view.
You barely miss the adder. The adder bites you but does no damage.
You closely miss the adder. You block the adder's attack.
The ogre hits you with a giant club.
* * * LOW HITPOINT WARNING * * *
You closely miss the adder. You block the adder's attack. x2
The ogre barely misses you.
You closely miss the adder.
You hear an angry hiss.
The adder bites you but does no damage.
You closely miss the adder. The ogre hits you with a giant club!!
You die...

......#.#'## #.###
..#...#.#.# #.#.#
...>...#.####.#.#####.#
..#.#####..............#
.
#............#.#########
#######.................
#......###########
#......S.# #...####@#
#...# #O# #...# #.# #
#.# #.# ..# )..# #...#
#...#


You could see an ogre and an adder.

Vanquished Creatures
  An ice beast (D:5)
  A crimson imp (D:5)
  A bullfrog zombie (D:5)
  3 worker ants
  A killer bee zombie (D:6)
  A hound zombie (D:5)
  7 adders
  A gnoll (D:1)
  A shadow imp (D:5)
  2 adder skeletons
  A worm (D:5)
  5 dart slugs
  4 leopard geckos
  2 orcs (D:5)
  6 giant cockroaches
  13 goblins
  9 hobgoblins
  6 jackals
  2 quokkas
  2 ball pythons
  4 bats
  2 frilled lizards
  2 gnoll zombies (D:3)
  A jackal skeleton (D:4)
  7 kobolds
  6 rats
91 creatures vanquished.

Notes
Turn   | Place    | Note
-------+----------+-------------------------------------------
     0 | D:1      | GroovyGamera the Troll Monk began the quest for the Orb.
     0 | D:1      | Reached XP level 1. HP: 22/22 MP: 0/0
     6 | D:1      | Reached XP level 2. HP: 29/29 MP: 1/1
   366 | D:1      | Reached XP level 3. HP: 36/36 MP: 2/2
  1057 | D:2      | Found an opulent altar of Gozag.
  1213 | D:2      | Reached XP level 4. HP: 45/45 MP: 3/3
  1877 | D:3      | Reached skill level 4 in Unarmed Combat
  2043 | D:3      | Found a basalt altar of Yredelemnul.
  2533 | D:4      | Found Nunk's Magic Scroll Shop.
  2537 | D:4      | Reached XP level 5. HP: 51/53 MP: 4/4
  2553 | D:4      | Bought a scroll of enchant armour for 105 gold pieces
  2645 | D:4      | Found a staircase to the Ecumenical Temple.
  2650 | Temple   | Entered the Ecumenical Temple
  2995 | Temple   | Became a worshipper of Qazlal Stormbringer
  2995 | Temple   | Reached * piety under Qazlal
  2995 | Temple   | Reached ** piety under Qazlal
  3166 | D:5      | Entered Level 5 of the Dungeon
  3434 | D:5      | Found a hide-covered altar of Uskayaw.
  3478 | D:5      | Reached XP level 6. HP: 62/62 MP: 5/5
  3491 | D:5      | Noticed an ice beast
  3494 | D:5      | Reached skill level 1 in Invocations
  3508 | D:5      | Killed an ice beast
  3508 | D:5      | Reached skill level 1 in Shields
  3853 | D:6      | HP: 2/62 [ogre/giant club (31)]
  3858 | D:6      | HP: 1/62 [ogre/giant club (4)]
  3861 | D:6      | Demolished by an ogre

Vault maps used:
D:1:      dpeg_arrival_short_road
D:2:      nicolae_gozag_seed_capital
D:3:      lemuel_zombie_altar_yredelemnul
D:4:      minmay_temple_entry_nine_rooms, first_ration, serial_shops, shop
D:5:      eat_drink_and_be_merry_uskayaw
D:6:      minmay_flawed_box, grunt_temple_overflow_lords_of_destruction,
          ebering_ghost_xom, kennysheep_slug_shrine, uniq_blork_the_orc
Temple:   jpeg_temple_clearing

Skill      XL: |  1  2  3  4  5  6 |
---------------+-------------------+-----
Fighting       | 3 |  3.9
Dodging        | 3 |  3.8
Unarmed Combat | 4 |  4.7
Invocations    | 1 |  1.6
Shields        | 1 |  1.4
Stealth        | |  1.0

Action                   |  1- 3 |  4- 6 || total
-------------------------+-------+-------++-------
Melee: Unarmed           |    70 |   196 ||   266
  Use: Scroll            |       |     3 ||     3
 Stab: Sleeping          |     1 |     4 ||     5
       Distracted        |       |     1 ||     1
  Eat: Chunk             |    17 |    24 ||    41
Armor: Robe              |    22 |    65 ||    87
Dodge: Dodged            |    37 |    91 ||   128
Block: Shield            |       |    61 ||    61

Table legend:
 A = Spawn XP
 B = Non-spawn XP
 C = Spawn XP percentage of total XP
 D = Spawn monster count
 E = Non-spawn monster count
 F = Spawn count percentage of total count
 G = Total turns spent on level
                    A         B        C        D         E        F      G
               +---------+---------+-------+---------+---------+-------+---------
         Total |       0 |     664 |   0.0 |       0 |      91 |   0.0 |  3861
               +---------+---------+-------+---------+---------+-------+---------
           D:1 |       0 |      61 |   0.0 |       0 |      24 |   0.0 |   891
           D:2 |       0 |      44 |   0.0 |       0 |      11 |   0.0 |   681
           D:3 |       0 |      65 |   0.0 |       0 |      24 |   0.0 |   712
           D:4 |       0 |      75 |   0.0 |       0 |       9 |   0.0 |   520
           D:5 |       0 |     316 |   0.0 |       0 |      20 |   0.0 |   610
           D:6 |       0 |     103 |   0.0 |       0 |       3 |   0.0 |    85
               +---------+---------+-------+---------+---------+-------+---------
